Cogmind - Beta 12 @@@ ROGUE MODE // 2023.07.16 @ 20:07:55 Player: Senator Honkstrong Result: Destroyed by G-34 Mercenary with Small Laser Performance ------------- Evolutions (0) 0 Regions Visited (1) 200 Robots Destroyed (12) 60 Value Destroyed (281) 281 Prototype IDs (0) 0 Alien Tech Used (0) 0 Bonus (0) 0 TOTAL SCORE: 541 Bonus ------- None Cogmind --------- Core Integrity 0/250 Matter 230/300 Energy 100/100 System Corruption 0% Temperature Cool (6) Movement Core (150) Ox2 Location -10/Materials Parts ------- > --- POWER (1) -------- (None) > --- PROPULSION (2) --- (None) > --- UTILITY (2) ------ Small Storage Unit Visual Processing Unit > --- WEAPON (2) ------- Light Assault Rifle Light Assault Rifle > --- INVENTORY (8) ---- High-capacity Storage Unit Small Laser Particle Gun Light Assault Rifle Light Assault Rifle Light Assault Rifle Peak State ------------ > --- POWER ------------ Ion Engine > --- PROPULSION ------- Light Treads Light Treads > --- UTILITY ---------- Small Storage Unit Visual Processing Unit > --- WEAPON ----------- Particle Gun Light Assault Rifle > --- INVENTORY -------- Ion Engine High-capacity Storage Unit Small Laser Light Assault Rifle Light Assault Rifle Light Assault Rifle Light Assault Rifle Light Assault Rifle [Rating: 9] Favorites ----------- Power Ion Engine Engine Ion Engine Propulsion Light Treads Treads Light Treads Utility Small Storage Unit Storage Small Storage Unit Processor Visual Processing Unit Weapon Particle Gun Energy Gun Particle Gun Ballistic Gun Light Assault Rifle Ballistic Cannon Light Cannon Build | -11 -10 ------- Run | Jun Mat Slots Evolved . | . . Power . | . . Propulsion . | . . Utility . | . . Weapon . | . . Parts Attached 15 | 6 9 Power 2 | 1 1 Engine 2 | 1 1 Core . | . . Reactor . | . . Propulsion 2 | 2 . Treads 2 | 2 . Leg . | . . Wheel . | . . Hover . | . . Flight . | . . Utility 2 | 1 1 Device . | . . Storage 1 | 1 . Processor 1 | . 1 Hackware . | . . Protection . | . . Artifact . | . . Weapon 9 | 2 7 Energy Gun 3 | 2 1 Energy Cannon . | . . Ballistic Gun 5 | . 5 Ballistic Cannon 1 | . 1 Launcher . | . . Special Weapon . | . . Impact Weapon . | . . Slashing Weapon . | . . Piercing Weapon . | . . Special Melee Weapon . | . . Unidentified Prototypes . | . . Parts Lost 5 | . 5 Power 2 | . 2 Propulsion 2 | . 2 Utility . | . . Weapon 1 | . 1 Highest Loss Streak 2 | . 2 To Critical Strikes . | . . Average Slot Usage (%) 89 | . 89 Engine 13 | . 13 Treads 26 | . 26 Storage 14 | . 14 Processor 6 | . 6 Energy Gun 15 | . 15 Ballistic Gun 9 | . 9 Ballistic Cannon 3 | . 3 Naked Turns . | . . Heaviest Build 16 | 14 16 Greatest Support 40 | 40 40 Greatest Overweight (x) . | . . Average Overweight (x) . | . . Largest Inventory Capacity 8 | 8 8 Average Capacity 7 | 6 8 Most Carried 8 | 1 8 Average Carried 4 | . 5 Final Capacity 8 | 8 8 Final Carried 6 | 1 6 Class Distribution -------------------- 100% | Mutant Dominant Class ---------------- Mutant | -10/Materials Resources | -11 -10 ----------- Run | Jun Mat Matter Collected 393 | 32 361 Remotely . | . . Salvage Created 491 | 99 392 Parts 26 | . 26 Haulers Intercepted . | . . Recyclers Shooed 2 | . 2 Parts Field Recycled . | . . Retrieved Matter . | . . Parts Self-Destructed . | . . Prevented . | . . Kills | -11 -10 ------- Run | Jun Mat Combat Hostiles Destroyed 7 | . 7 Guns 6 | . 6 Cannons 1 | . 1 Classes Destroyed 4 | 1 3 Worker 2 | . 2 Recycler 2 | 1 1 Watcher 1 | . 1 Grunt 7 | . 7 Best Kill Streak 5 | 1 5 Combat Bots Only 3 | . 3 Max Kills in Single Turn 1 | 1 1 Gunslinging . | . . Exploded . | . . Melee . | . . Uniques/NPCs Destroyed . | . . Combat | -11 -10 -------- Run | Jun Mat Damage Taken 983 | 30 953 Core 261 | . 261 Absorbed by Shields . | . . Core Remaining (%) 100 | 100 . Volleys Fired 69 | 5 64 Largest 2 | 2 2 Hottest 90 | 90 90 Shots Fired 133 | 10 123 Gun 119 | 10 109 Cannon 14 | . 14 Launcher . | . . Special . | . . Kinetic 80 | . 80 Thermal 45 | 5 40 Explosive . | . . Electromagnetic 8 | 5 3 Robot Hit Streak 12 | 4 12 Robot Miss Streak 3 | 1 3 Penetration Max . | . . Secondary Targets 2 | . 2 Max Gunslinging Chain 1 | . 1 Shots Hit Robots 90 | 8 82 Core Hits 27 | 2 25 Critical Kills 1 | . 1 Critical Parts Destroyed . | . . Critical Strikes 6 | 2 4 Burn 4 | 1 3 Destroy 1 | . 1 Corrupt 1 | 1 . Melee Attacks . | . . Impact . | . . Slashing . | . . Piercing . | . . Sneak Attacks . | . . Combat Hostiles . | . . Follow-up Attacks . | . . Damage Inflicted 1096 | 131 965 Guns 892 | 108 784 Cannons 181 | . 181 Explosions 23 | 23 . Melee . | . . Ramming . | . . Kinetic 564 | . 564 Thermal 460 | 74 386 Explosive . | . . Electromagnetic 72 | 57 15 Impact . | . . Slashing . | . . Piercing . | . . Highest Corruption . | . . Average Corruption . | . . Corruption Purged . | . . Corruption Blocked . | . . Overload Shots . | . . Overflow Damage . | . . Projectiles . | . . Explosions . | . . Melee . | . . Knockbacks 8 | . 8 Impact . | . . Kinetic 7 | . 7 Secondary 1 | . 1 Self-Inflicted Damage 31 | 31 . Shots 1 | 1 . Rammed . | . . Targets Rammed . | . . Kicked . | . . Crushed . | . . Highest Temperature 402 | 144 402 Average Temperature 126 | 74 132 Received Heat Transfer 558 | . 558 Siege Activations . | . . Robots Corrupted . | . . Combat Hostiles . | . . Parts Fried . | . . Impact Corruptions . | . . Robots Melted . | . . Combat Hostiles . | . . Parts Melted . | . . Heat Transferred 1493 | 272 1221 Parts Sabotaged . | . . Parts Stolen . | . . Parts Stripped . | . . Power Chain Reactions 1 | 1 . Missiles Intercepted . | . . Alert | -11 -10 ------- Run | Jun Mat Peak Influence 181 | 5 181 Initial 3 | . 3 Average 51 | 1 57 Maximum Alert Level . | . . Low Security (%) 100 | 100 100 Level 1 . | . . Level 2 . | . . Level 3 . | . . Level 4 . | . . Level 5 . | . . High Security . | . . Max Security . | . . Squads Dispatched 1 | . 1 Investigation 1 | . 1 Extermination . | . . Reinforcement . | . . Assault . | . . Garrison . | . . Intercept . | . . Searches Triggered . | . . Construction Impeded . | . . Haulers Reinforced . | . . Active Scanning Responses . | . . Cargo Convoy Interrupts . | . . Stealth | -11 -10 --------- Run | Jun Mat Distress Signals 2 | . 2 Communications Jammed . | . . Distress Signals . | . . Times Spotted 19 | . 19 Peak Tracking Total 5 | . 5 Tactical Retreats 2 | . 2 Traps | -11 -10 ------- Run | Jun Mat Traps Triggered 1 | . 1 Indirectly . | . . Trap Hack Attempts . | . . Triggered . | . . Disarmed . | . . Reprogrammed . | . . Reused . | . . Traps Extracted . | . . Installed . | . . Triggered . | . . Machines | -11 -10 ---------- Run | Jun Mat Machines Disabled . | . . Max in Single Turn . | . . Machines Repaired . | . . Machines Sabotaged . | . . Overloaded Fab Kills . | . . Hacking | -11 -10 --------- Run | Jun Mat Machines Accessed 4 | . 4 Terminals 4 | . 4 Fabricators . | . . Repair Stations . | . . Recycling Units . | . . Scanalyzers . | . . Garrison Access . | . . Total Hacks 20 | . 20 Successful 9 | . 9 Failed 10 | . 10 Catastrophic 1 | . 1 Database Lockouts 1 | . 1 Manual 16 | . 16 Terminals 20 | . 20 Fabricators . | . . Repair Stations . | . . Recycling Units . | . . Scanalyzers . | . . Garrison Access . | . . Terminal Hacks 6 | . 6 Robot Analysis 3 | . 3 Terminal Index 1 | . 1 Unreport Threat 1 | . 1 Zone Layout 1 | . 1 Fabricator Hacks . | . . Repair Station Hacks . | . . Recycling Unit Hacks . | . . Scanalyzer . | . . Garrison Access Hacks . | . . Unauthorized Hacks 3 | . 3 Terminals 3 | . 3 Botnet 3 | . 3 Fabricators . | . . Repair Stations . | . . Recycling Units . | . . Scanalyzers . | . . Garrison Access . | . . Data Cores Recovered . | . . Used . | . . Hacking Detections 4 | . 4 Full Trace Events . | . . Feedback Events . | . . Feedback Blocked . | . . Robot Schematics Acquired . | . . Robots Built . | . . Authchips . | . . Time . | . . Total Robot Build Rating . | . . Part Schematics Acquired . | . . Parts Built . | . . Authchips . | . . Time . | . . Total Part Build Rating . | . . Parts Repaired . | . . Time . | . . Parts Recycled . | . . Recycled Matter . | . . Retrieved Matter . | . . Retrieved Components . | . . Parts Scanalyzed . | . . Part Schematics Acquired . | . . Parts Damaged . | . . Bothacking | -11 -10 ------------ Run | Jun Mat Used RIF Installer . | . . Robots Hacked . | . . Non-combat . | . . Combat . | . . Robot Hacks Applied . | . . Relay Couplers Released . | . . Fabnet Peak Effective % . | . . Robots Rewired . | . . Allies Hacked . | . . Hacks Repelled . | . . Allies | -11 -10 -------- Run | Jun Mat Total Allies . | . . Largest Group . | . . Highest-Rated Group . | . . Highest-Rated Ally . | . . Total Orders . | . . Ally Attacks . | . . Total Damage . | . . Kills . | . . Allies Corrupted . | . . Allies Melted . | . . Intel | -11 -10 ------- Run | Jun Mat Robot Analysis Total 3 | . 3 Derelict Logs Recovered . | . . Drone Launches . | . . Drone Recoveries . | . . Exploration | -11 -10 ------------- Run | Jun Mat Turns Passed 785 | 89 696 Spaces Moved 329 | 44 285 Core 5 | 5 . Treads 324 | 39 285 Legs . | . . Wheels . | . . Hover . | . . Flight . | . . Fastest Speed 50 | 50 160 Average Speed 158 | 147 160 Slowest Speed 160 | 160 160 Overloaded Moves . | . . Propulsion Burnouts . | . . Robots Hopped . | . . Cave-ins Triggered . | . . Exploration Rate (%) 21 | 4 38 Regions Visited 1 Branch Regions . Pre-discovered Areas . | . . Known Exits Taken . | . . Unknown Exits Taken 1 | 1 . Scrap Searched . | . . Spaces Dug . | . . Terrain Destroyed . | . . Melee . | . . Projectile . | . . AOE . | . . Terrain Rammed . | . . Walls Destroyed . | . . Machines Disabled . | . . Actions | -11 -10 --------- Run | Jun Mat Total 469 | 55 414 Wait 44 | . 44 Move 328 | 43 285 Hop . | . . Pick Up 9 | 1 8 Fast Attach 9 | 6 3 Attach 3 | . 3 Detach . | . . Swap 3 | . 3 Drop 4 | . 4 Fire 69 | 5 64 Melee . | . . Ram . | . . Kick . | . . Crush . | . . Escape Stasis . | . . Rewire . | . . Trap . | . . Miscellaneous . | . . Route ------- -11/Junkyard -10/Materials (discovered 1 exit: [*Mat]) History --------- Turn | Location | Event 13 | -11/Junkyard | Discovered new exit (range 15) 90 | -11/Junkyard | Entered Materials 338 | -10/Materials | Build established: Mutant 560 | -10/Materials | Central database locked down 586 | -10/Materials | Discovered new exit (range 13) 719 | -10/Materials | Core integrity fell below 50% 761 | -10/Materials | Core integrity fell below 20% 786 | -10/Materials | Destroyed by G-34 Mercenary with Small Laser Last Messages --------------- 00699_ G-47 Trooper suffers critical hit (Burn). 00700_ Critical hit (Burn: +37). 00712_ Assault Rifle destroyed. 00722_ Lgt. Treads destroyed. 00748_ G-34 Mercenary destroyed. 00748_ Switching to secondary target: G-34 Mercenary. 00751_ K-01 Serf collects debris. 00754_ Ion Engine destroyed. 00761_ G-34 Mercenary destroyed. 00764_ K-01 Serf collects debris. 00769_ G-34 Mercenary destroyed. 00769_ Switching to secondary target: G-34 Mercenary. 00770_ Acquired 49 matter. 00770_ K-01 Serf collects debris. 00773_ Lgt. Treads destroyed. 00775_ K-01 Serf collects debris. 00777_ K-01 Serf destroyed. 00777_ K-01 Serf collects debris. 00779_ K-01 Serf cleans the Processing Tank. 00782_ K-01 Serf collects debris. Map ----- +----------------------------------------------------+ | | | | | | | ?????????????????????????????????????????????????? | | ?????????????????????????????????#####???????????? | | ?????????????????????????????????# ???????????? | | ?????????????????????????????????# ???????????? | | ??????????????################???# ???????????? | | ??????????????# #???# ???????????? | | ??????????????# < #???# ???????????? | | ??????????????# #???# "???????????? | | ???????????#######+####### #???# "???????????? | | ???????????# # #???# "???????????? | | ???????????# """ """ """ # #???# ???????????? | | ???????????# """ """ """ # ##########/##???????? | | ???????????# """ """ """ # ?????? | | ???????????# # ?????? | | ???????????# # ?????? | | ???????????############### ################??????? | | ??????????????# T ## #?????????????????????? | | ?????########## ## ###########???????????? | | ?????# =# ## ## #???????????? | | ?????# T # ## ## """ #???????????? | | ?????# ####+#######=## "R" #???????????? | | ?????# # ######%## " " #???????????? | | ?????# # =%@k[# #???????????? | | ?????# """"" + * * # """ [ #???????????? | | ?????# """"" # + """ !#???????????? | | ?????# """"" # #####g # """ #???????????? | | ?????# ##k####???# !# #???????????? | | ??############## #??????# *%##########???????????? | | ??# #??# #??????#t [= ???????????? | | ??# [ #??# #??????# ???????????? | | ??# ] #??# #??????# ???????????? | | ??# #??# ######## ##########???????????? | | ??# #??# #??????# #????????????????????? | | ??# *!= #??# #??????# #????????????????????? | | ??# = = #??# #??????+ #????????????????????? | | ??# = * #??# #??????# #????????????????????? | | #######+#####??# #??????# #????????????????????? | | # %* ###### #??????# ????????????????????? | | """ # #??????# ????????????????????? | | """ += #??????# ????????????????????? | | """ #[ #???????##+#????????????????????? | | # ########???????????????????????????????? | | """ ## ##??????????????????????????????????????? | | """ ## #???????????????????????????????????????? | | """ ## ##############??????????????????????????? | | ##! = #??????????????????????????? | | ###### ! #??????????????????????????? | +----------------------------------------------------+ Best States ------------- Heat Dissipation 25 Energy Generation 10 Energy Capacity 250 Matter Stores 281 Matter Capacity 300 Sight Range 18 Terrain Scan Density 10 Evasion (%) 40 Recoil Reduction 2 Item Schematics ----------------- None Robot Schematics ------------------ None Fabricated ------------ Nothing Alien Tech Used ----------------- None Achievements -------------- None Challenges ------------ None Game ------ Seed TacticalInsulatedMultirail Manual? 0 Play Time 00:06:58 Cumulative 46.8 hours Start 2023.07.16 @ 20:02:20 End 2023.07.16 @ 20:07:55 Sessions 1 Manual Loads 0 Difficulty Rogue Special Mode None Game No. 37 Rogue 37 Adventurer 0 Explorer 0 Win Type - Total 0 Types 0/0/0/0/0/0/0/0/0 Lore% 30 Gallery% 36 Achievement% 31 Wizard Run 0 Options --------- ASCII 0 Keyboard 0 Movement Mouse Keybinds 0 Fullscreen 1 Font 18/SmallcapsGlow Map View 76x50 Tactical HUD 1 Map Filters NONE Filters NONE Steam X RUN: 198f5ae6-8258-46d5-b639-3d5ff102eac4